 Dungeon Crawl Stone Soup version 0.29.1-12-g30fa7ad0bf (webtiles) character file.

Game seed: 17973128820769719245

51 eugo the Cudgeller (level 3, -11/49 HPs)
             Began as a Minotaur Berserker on Dec 29, 2022.
             Was a Follower of Trog.
             Killed by nerve-wracking pain
             ... invoked by Jessica
              (14 damage)
             ... on level 3 of the Dungeon.
             The game lasted 00:04:38 (2047 turns).

eugo the Cudgeller (Minotaur Berserker)             Turns: 2047, Time: 00:04:42

Health: -11/49     AC:  3    Str: 23    XL:     3   Next: 57%
Magic:  2/2        EV: 12    Int:  4    God:    Trog [*.....]
Gold:   104        SH:  0    Dex:  9    Spells: 2/2 levels left

rFire   . . .      SeeInvis .   a - +0 mace
rCold   . . .      Faith    .   (no shield)
rNeg    . . .      Spirit   .   l - +0 leather armour
rPois   .          Reflect  .   (helmet restricted)
rElec   .          Harm     .   (no cloak)
rCorr   .          Rampage  .   (no gloves)
Will    .....                   (no boots)
Stlth   ..........              (no amulet)
HPRegen 0.16/turn               (no ring)
MPRegen 0.08/turn               (no ring)

@: berserking (expiring), slowed
A: horns 2, retaliatory headbutt
a: Renounce Religion, Berserk


You were on level 3 of the Dungeon.
You worshipped Trog.
Trog was aware of your devotion.
You visited 1 branch of the dungeon, and saw 3 of its levels.

You collected 104 gold pieces.

Inventory:

Hand Weapons
 a - a +0 mace (weapon)
Armour
 b - a +0 animal skin
 h - a +0 plate armour
 l - a +0 leather armour (worn)
Scrolls
 c - a scroll of blinking {unknown}
 e - a scroll of fear {unknown}
 g - 2 scrolls of vulnerability {unknown}
 i - a scroll of teleportation {unknown}
 j - a scroll of enchant weapon {unknown}
 k - a scroll of silence {unknown}
 m - a scroll of enchant armour {unknown}
Potions
 d - a potion of degeneration {unknown}
 f - 2 potions of brilliance {unknown}


   Skills:
 - Level 4.0 Fighting
 + Level 4.5 Maces & Flails
 - Level 2.4 Armour
 + Level 3.2 Dodging
 - Level 0.3 Stealth


You had 2 spell levels left.
You didn't know any spells.
Your spell library was empty.

Dungeon Overview and Level Annotations

Branches:
Dungeon (3/15)

Altars:

Shops:
D:1 (

Annotations:
D:3 Jessica


Innate Abilities, Weirdness & Mutations

You have a pair of horns on your head.
You reflexively headbutt those who attack you in melee.


Message History

You escape the roots grasp.
Jessica casts a spell.
Jessica blinks!
Jessica casts a spell.
Jessica seems to speed up.
You see here a +1 dagger of speed.
Jessica zaps a wand.
The roots erupt in riotous growth!
The grasping roots grab you! The grasping roots constrict you.
You escape the roots grasp.
Jessica points at you and mumbles some strange words.
You resist with some effort.
Jessica points at you and mumbles some strange words.
You feel yourself slow down. Jessica hits you with a +0 club.
Jessica zaps a wand.
The roots erupt in riotous growth!
The grasping roots grab you!
Jessica is unaffected.
The grasping roots constrict you.
You hit Jessica.
Jessica is heavily wounded.
Jessica casts a spell at you.
You barely resist. The grasping roots constrict you.
Jessica points at you and mumbles some strange words.
Pain shoots through your body! The grasping roots constrict you.
Jessica hits you with a +0 club. The grasping roots constrict you.
A red film seems to cover your vision as you go berserk!
You feel yourself moving faster!
You feel mighty! Jessica closely misses you. The grasping roots constrict you.
Jessica gestures wildly while chanting.
Jessica blinks!
The grasping roots constrict you.
The grasping roots release their grip on you.
You feel a strong urge to attack something.
You hit Jessica.
Jessica is severely wounded.
Jessica gestures at you while chanting. Pain shoots through your body!
* * * LOW HITPOINT WARNING * * *
Jessica casts a spell at you. Pain shoots through your body!
You die...

# ##########.#
######?.........#
#...............#
#...............#
#.......@@......#
###..)..........#
#...#.....#.#.#
###.#.#.#.# # .
#....#.#.#
...###..#.#.#.#
.......).......
...###..#####.#..#
# #........#..#


You could see Jessica (fast).

Vanquished Creatures
  2 adders (D:2)
  A dart slug (D:2)
  2 ball pythons (D:1)
  6 endoplasms
  4 goblins
  4 hobgoblins (D:2)
  4 jackals (D:1)
  A quokka (D:2)
  A bat (D:3)
  2 rats
27 creatures vanquished.

Notes
Turn   | Place    | Note
-------+----------+-------------------------------------------
     0 | D:1      | eugo the Minotaur Berserker began the quest for the Orb.
     0 | D:1      | Reached XP level 1. HP: 19/19 MP: 0/0
   383 | D:1      | Reached XP level 2. HP: 23/27 MP: 1/1
   731 | D:1      | Found Tef Tode's Weapon Boutique.
  1158 | D:2      | Reached XP level 3. HP: 33/33 MP: 2/2
  2033 | D:3      | Noticed Jessica
  2047 | D:3      | Killed from afar by Jessica

Illustrated notes

Levels and vault maps discovered:
D:1:      dpeg_arrival_castle, layout_basic, serial_shops, shop, minivault_11,
          minmay_misc_feat_more_columns, chequers_arboretum,
          chequers_serial_rivers_large_b
D:2:      layout_loops_corners, serial_co_window_serial, co_window_corner_a,
          co_window_paths_a, co_window_paths_a, co_window_of_opportunity_a,
          co_window_paths_b, co_window_broadway_c, co_window_of_opportunity_b,
          co_window_corner_b, co_window_unsneaky_path_a, co_window_2corner,
          co_window_paths_c, co_window_corner_b
D:3:      layout_basic, gammafunk_temple_overflow_elements, uniq_jessica

Skill      XL: |  1  2  3 |
---------------+----------+-----
Fighting       | 4 |  4.0
Maces & Flails | 4 |  4.5
Dodging        | 3 |  3.2
Armour         | |  2.4
Stealth        | |  0.3

Action                   || total
-------------------------++-------
Melee: Mace              ||    55
       Headbutt          ||     4
Invok: Berserk           ||     1
Armor: Animal skin       ||     7
       Leather armour    ||     8
Dodge: Dodged            ||    33
